 Dungeon Crawl Stone Soup version 0.27-a0-1502-g47ed6a6988 (webtiles) character file.

Game seed: 11575947947831731217

514 dolemite99 the Poker (level 7, -1/53 HPs)
             Began as a Demonspawn Fighter on July 8, 2021.
             Was an Initiate of Okawaru.
             Succumbed to Dowan's poison
             ... on level 4 of the Dungeon.
             The game lasted 00:05:21 (3795 turns).

dolemite99 the Poker (Demonspawn Fighter)           Turns: 3795, Time: 00:05:22

Health: -1/53      AC: 12    Str: 19    XL:     7   Next: 0%
Magic:  7/7        EV:  3    Int:  9    God:    Okawaru [......]
Gold:   131        SH: 14    Dex: 12    Spells: 6/6 levels left

rFire    . . .     SeeInvis .   a - +0 trident
rCold    . . .     Faith    .   c - +0 kite shield
rNeg     . . .     Spirit   .   s - +0 plate armour
rPois    +         Reflect  +   (no helmet)
rElec    .         Harm     .   (no cloak)
rCorr    .         Rampage  .   (no gloves)
Will     .....                  (no boots)
Stlth    ..........             o - amulet of reflection
HPRegen  0.17/turn              n - ring of poison resistance
MPRegen  0.10/turn              (no ring)

@: lethally poisoned (-1 -> -6)
A: rugged brown scales 1, icemail 1, powered by death 1, condensation shield
a: Renounce Religion


You were on level 4 of the Dungeon.
You worshipped Okawaru.
Okawaru was noncommittal.
You visited 1 branch of the dungeon, and saw 4 of its levels.

You collected 131 gold pieces.

Inventory:

Hand Weapons
 a - a +0 trident (weapon)
 p - a +0 hunting sling
 u - the +1 mace "Maok Suaso" {drain, rElec Dex+3}
   (You found it on level 4 of the Dungeon)

   A truly terrible weapon, it drains the life of those it strikes.
   Dex:       It affects your dexterity (+3).
   rElec:     It insulates you from electricity.
Missiles
 h - 34 poisoned darts (quivered)
 l - 46 arrows
 q - 23 stones
Armour
 b - a +0 scale mail
 c - a +0 kite shield (worn)
 s - a +0 plate armour (worn)
Jewellery
 n - a ring of poison resistance (left hand)
 o - an amulet of reflection (around neck)
Scrolls
 f - a scroll of enchant weapon
 k - a scroll of blinking {unknown}
 m - a scroll of enchant armour {unknown}
 r - a scroll of magic mapping {unknown}
 t - a scroll of immolation {unknown}
Potions
 d - a potion of cancellation
 e - 3 potions of curing
 i - a potion of heal wounds
 j - 2 potions of ambrosia


   Skills:
 - Level 3.0 Fighting
 + Level 7.0 Polearms
 - Level 2.6 Armour
 - Level 2.6 Shields


You had 6 spell levels left.
You didn't know any spells.
Your spell library contained the following spells:

 Spells                   Type           Power      Damage    Failure   Level
 Freeze                   Ice            0%         1d3       100%        1
 Sting                    Tmut/Pois      0%         1d3       100%        1
 Ensorcelled Hibernation  Hex/Ice        0%         N/A       100%        2
 Poisonous Vapours        Pois/Air       0%         N/A       100%        2
 Conjure Flame            Conj/Fire      0%         6-21      100%        3
 Frozen Ramparts          Ice            0%         1d2       100%        3
 Ignite Poison            Fire/Tmut/Pois 0%         N/A       100%        3
 Spider Form              Tmut/Pois      0%         N/A       100%        3
 Stone Arrow              Conj/Erth      0%         3d7       100%        3
 Animate Armour           Summ/Erth      0%         N/A       100%        4
 Hailstorm                Conj/Ice       0%         3d3       100%        4
 Olgreb's Toxic Radiance  Pois           0%         N/A       100%        4
 Sticky Flame             Conj/Fire      0%         2d3       100%        4
 Shadow Creatures         Summ           N/A        N/A       100%        6
 Lehudib's Crystal Spear  Conj/Erth      0%         10d2      100%        8


Dungeon Overview and Level Annotations

Branches:
Dungeon (4/15)
 Temple: D:4-7

Altars:
Okawaru

Annotations:
D:4 Dowan, Duvessa


Innate Abilities, Weirdness & Mutations

You are partially covered in rugged brown scales. (AC +1, +3% HP)
A meltable icy envelope protects you from harm. (AC +0)
You regenerate a little health from kills.
A meltable shield of frost defends you. (SH +0)


Message History

You block Duvessa's attack. Dowan gestures at you while chanting.
The puff of flame hits you!
Your icy defenses dissipate!
The dart slug launches a dart at you.
The slug dart hits you but does no damage.
You puncture Duvessa!
Duvessa is heavily wounded.
Duvessa hits you but does no damage.
Dowan points at you and mumbles some strange words.
The puff of frost hits you but does no damage.
The dart slug launches a dart at you.
The slug dart reflects off an invisible shield around you!
The slug dart hits the dart slug.
You hit Duvessa.
Duvessa is severely wounded.
Duvessa hits you with a +0 short sword! Dowan barely misses you.
You block the worm's attack.
Your shield prevents you from hitting Duvessa.
Duvessa is severely wounded.
You block Duvessa's attack.
Dowan hits you with a +1 dagger of venom.
You closely miss Duvessa.
Duvessa is severely wounded.
You block Duvessa's attack. Dowan hits you but does no damage.
The worm bites you. Dowan hits you but does no damage.
You are poisoned.
You block Duvessa's attack.
You puncture Duvessa!
Duvessa is almost dead.
You feel sick. Duvessa hits you with a +0 short sword.
* * * LOW HITPOINT WARNING * * *
Dowan casts a spell at you. The puff of flame hits you.
* * * LOW HITPOINT WARNING * * *
The worm bites you!
* * * LOW HITPOINT WARNING * * *
Your plate armour prevents you from hitting Duvessa.
Duvessa is almost dead.
You die...

#..............
##.............
#.............
##...####...... ..
##...## ...... ...
##..### ...(.. ...#
##..## .....(.
#..####ew## #.......
#.....@### #....
#.....e..# #.....
##..w.##.####......
#..........[...#
##.......#.....###..
#.......###)..###...
#...............#....
#...##..#.).).#......#
...# #.##.._))##....#


You could see Duvessa, Dowan, a worm and a dart slug.

Vanquished Creatures
  A water moccasin (D:4)
  An ogre (D:3)
  A scorpion (D:4)
  An iguana (D:4)
  A hound skeleton (D:4)
  8 adders
  A worm (D:2)
  A dart slug (D:1)
  5 orcs (D:4)
  6 ball pythons
  4 bats
  5 endoplasms
  2 giant cockroaches (D:1)
  4 goblins
  8 hobgoblins
  11 jackals
  10 kobolds
  5 quokkas
  2 frilled lizards (D:1)
  3 rats
80 creatures vanquished.

Vanquished Creatures (collateral kills)
  Menkaure (D:4)
1 creature vanquished.

Grand Total: 81 creatures vanquished

Notes
Turn   | Place    | Note
-------+----------+-------------------------------------------
     0 | D:1      | dolemite99 the Demonspawn Fighter began the quest for the
                  | Orb.
     0 | D:1      | Reached XP level 1. HP: 18/18 MP: 1/1
     2 | D:1      | Noticed a naga
     2 | D:1      | Noticed a felid
     4 | D:1      | Noticed a tengu
     4 | D:1      | Noticed a human
     6 | D:1      | Noticed a demonspawn
     6 | D:1      | Noticed an ogre
     8 | D:1      | Noticed a troll
     8 | D:1      | Noticed an elf
    10 | D:1      | Noticed a ghoul
    10 | D:1      | Noticed a vampire
    13 | D:1      | Noticed an octopode
    13 | D:1      | Noticed a formicid
    15 | D:1      | Noticed a draconian
    15 | D:1      | Noticed a barachi
    17 | D:1      | Noticed a gargoyle
    19 | D:1      | Noticed a spriggan
    19 | D:1      | Noticed a merfolk
    21 | D:1      | Noticed a dwarf
    21 | D:1      | Noticed a demigod
    23 | D:1      | Noticed a palentonga
    23 | D:1      | Noticed a djinni
    25 | D:1      | Noticed a vine stalker
    27 | D:1      | Noticed a minotaur
    35 | D:1      | Reached skill level 2 in Polearms
    75 | D:1      | Gained mutation: You are partially covered in rugged brown
                  | scales. (AC +1, +3% HP) [demonic ancestry]
    75 | D:1      | Reached XP level 2. HP: 2/24 MP: 2/2
   624 | D:1      | Reached skill level 3 in Polearms
   787 | D:1      | Gained mutation: You regenerate a little health from kills.
                  | [demonic ancestry]
   787 | D:1      | Reached XP level 3. HP: 29/29 MP: 3/3
  1336 | D:2      | Reached XP level 4. HP: 36/36 MP: 4/4
  1372 | D:2      | Reached skill level 4 in Polearms
  1798 | D:3      | Found a faded altar of an unknown god.
  1800 | D:3      | Noticed a golden eye
  1800 | D:3      | Noticed a shining eye
  1805 | D:3      | Noticed an eye of devastation
  1842 | D:3      | Noticed a golden eye
  1982 | D:3      | Noticed an ogre
  2001 | D:3      | Killed an ogre
  2002 | D:3      | Reached skill level 5 in Polearms
  2002 | D:3      | Gained mutation: A meltable shield of frost defends you.
                  | (SH +0) [demonic ancestry]
  2002 | D:3      | Reached XP level 5. HP: 15/42 MP: 5/5
  2643 | D:4      | Gained mutation: A meltable icy envelope protects you from
                  | harm. (AC +0) [demonic ancestry]
  2643 | D:4      | Reached XP level 6. HP: 42/48 MP: 6/6
  2786 | D:4      | Reached skill level 6 in Polearms
  2868 | D:4      | Noticed Menkaure
  2874 | D:4      | Killed Menkaure
  3011 | D:4      | Noticed a water moccasin
  3042 | D:4      | Killed a water moccasin
  3501 | D:4      | Found an iron altar of Okawaru.
  3510 | D:4      | Identified the +1 mace "Maok Suaso" {drain, rElec Dex+3}
  3513 | D:4      | Became a worshipper of Warmaster Okawaru
  3547 | D:4      | Reached skill level 7 in Polearms
  3564 | D:4      | Reached XP level 7. HP: 38/53 MP: 7/7
  3764 | D:4      | Noticed Dowan
  3765 | D:4      | Noticed Duvessa
  3794 | D:4      | HP: 1/53 [worm (7)]
  3795 | D:4      | Succumbed to Dowan's poison

Illustrated notes

Levels and vault maps discovered:
D:1:      kb_arrival_jail, layout_rooms
D:2:      layout_rooms
D:3:      layout_basic, hellmonk_ecumenical_altar_watching_god, hex_large,
          minivault_23
D:4:      layout_layer_cave, okawaru_ov_weapons_minmay,
          nicolae_overflow_crystal_walls, portal_sewer_entry_f,
          hangedman_decor_diamond_cutter, uniq_menkaure, uniq_duvessa

Skill      XL: |  1  2  3  4  5  6 |
---------------+-------------------+-----
Polearms       | 2 3 5 7 |  7.0
Fighting       | |  3.0
Armour         | |  2.6
Shields        | |  2.6

Action                   |  1- 3 |  4- 6 |  7- 9 || total
-------------------------+-------+-------+-------++-------
Melee: Trident           |   117 |   197 |    12 ||   326
Throw: Dart              |     6 |    34 |     3 ||    43
  Use: Potion            |     1 |     2 |       ||     3
       Scroll            |       |     5 |       ||     5
Armor: Scale mail        |    63 |    51 |       ||   114
       Plate armour      |       |    12 |     7 ||    19
Dodge: Dodged            |    40 |    41 |     2 ||    83
Block: Kite shield       |    65 |   158 |    11 ||   234
       Reflection        |       |     3 |     1 ||     4

Table legend: (Time is in decaauts)
 A = Elapsed time spent in this place.
 B = Non-inter-level travel time spent in this place.
 C = Inter-level travel time spent in this place.
 D = Time resting spent in this place.
 E = Time spent auto-exploring this place.
 F = Levels seen in this place.
 G = Mean time per level.
                   A        B        C        D        E       F      G
               +--------+--------+--------+--------+--------+-----+--------+
         Total |   3909 |   3807 |    102 |   1124 |   1638 |   4 |  977.2 |
       Dungeon |   3909 |   3807 |    102 |   1124 |   1638 |   4 |  977.2 |
               +--------+--------+--------+--------+--------+-----+--------+

Top non-repeatable levels by time:
     D:4: 1198 daAuts
     D:3: 1008 daAuts
     D:1: 995 daAuts
     D:2: 708 daAuts
